 Dungeon Sprint DCSS version 0.28-a0-612-gcfc00ec14d (webtiles) character file.

Game seed: 781179791972495566

3675 SkeletonJelly the Unseen (level 9, 0/41 HPs)
             Began as a Spriggan Brigand on Oct 5, 2021.
             Was an Elder of Okawaru.
             Slain by a komodo dragon (27 damage)
             ... in the Dungeon (Sprint IX: "|||||||||||||||||||||||||||||").
             The game lasted 00:03:36 (851 turns).

SkeletonJelly the Unseen (Spriggan Brigand)          Turns: 851, Time: 00:03:36

Health: 0/41       AC:  3    Str:  7    XL:     9   Next: 89%
Magic:  11/17      EV: 22    Int: 16    God:    Okawaru [****..]
Gold:   16         SH:  0    Dex: 22    Spells: 8/8 levels left

rFire   . . .      SeeInvis +   s - +5 short sword (venom)
rCold   . . .      Faith    .   (shield restricted)
rNeg    . . .      Spirit   .   b - +0 robe
rPois   .          Reflect  .   (helmet restricted)
rElec   .          Harm     .   c - +0 cloak
rCorr   .          Rampage  .   (gloves unavailable)
Will    +....      NoTele   +   (boots unavailable)
Stlth   +++++++++.              (no amulet)
HPRegen 0.13/turn               q - +3 ring of intelligence
MPRegen 0.15/turn               r - +3 ring of dexterity

@: heroic, finesse-ful, very quick
A: very small, no large weapons, unfitting armour, see invisible, speed 3
a: Renounce Religion, Heroism, Finesse


You were in the Dungeon.
You worshipped Okawaru.
Okawaru was greatly pleased with you.
You visited 1 branch You collected 16 gold pieces.

Inventory:

Hand Weapons
 a - a +2 dagger
 n - a +2 rapier of venom
 o - a +4 quarterstaff of distortion
 p - a +2 scimitar of flaming
 s - a +5 short sword of venom (weapon)
Missiles
 d - 8 poisoned darts (quivered)
 e - 2 curare-tipped darts
Armour
 b - a +0 robe (worn)
 c - a +0 cloak (worn)
Jewellery
 q - a +3 ring of intelligence (left hand)
 r - a +3 ring of dexterity (right hand)
Wands
 m - a wand of iceblast (3)
Scrolls
 k - 3 scrolls of blinking
 l - 2 scrolls of amnesia
 v - 6 scrolls of enchant armour
Potions
 f - 5 potions of curing
 g - 4 potions of heal wounds
 h - a potion of haste
 i - 4 potions of magic
 j - 2 potions of brilliance
 t - 2 potions of might
 u - a potion of mutation


   Skills:
 - Level 1.5(6.5) Fighting
 * Level 18.3(23.3) Short Blades
 - Level 2.0(7.0) Throwing
 - Level 1.3(6.3) Dodging
 + Level 19.1(24.1) Stealth
 - Level 10.0 Invocations


You had 8 spell levels left.
You didn't know any spells.
Your spell library was empty.

Dungeon Overview and Level Annotations

Branches:
Dungeon (1/1)

Altars:
Cheibriados
Dithmenos
Elyvilon
Fedhas
Gozag
Hepliaklqana
Kikubaaqudgha
Makhleb
Nemelex Xobeh
Okawaru
Qazlal
Ru
Sif Muna
Trog
Uskayaw
Vehumet
Wu Jian
Xom
Yredelemnul
Zin
The Shining One
Beogh
Jiyva
Lugonu


Innate Abilities, Weirdness & Mutations

You are very small and have problems with some larger weapons.
You are too small for most types of armour.
You have supernaturally acute eyesight. (SInv)
You cover ground extremely quickly. (Speed+++)


Message History

You flicker for a moment.
You flicker back into view.
Your magical contamination has completely faded away.
You see here an ugly thing skeleton.
You see here a +0 morningstar.
Things that are here:
4 large rocks; a cyclops skeleton You open the door.
There is an open door here.
You open the door.
Found a potion of mutation and 7 stones.
Health restored: 41; MP restored: 17
Found a +2 great sword of electrocution.
There is an open door here.
Found 16 gold pieces.
j - a potion of brilliance
Found 2 scrolls of enchant armour.
g - 4 potions of heal wounds (gained 2)
Found 2 scrolls of enchant armour.
t - 2 potions of might
Found 2 scrolls of enchant weapon.
j - 2 potions of brilliance (gained 1)
Found a scroll of blinking.
You see here a potion of mutation.
u - a potion of mutation
Found 2 scrolls of enchant armour.
You see here 7 stones.
You see here a +2 great sword of electrocution.
You now have 16 gold pieces.
v - 2 scrolls of enchant armour
v - 4 scrolls of enchant armour (gained 2)
w - 2 scrolls of enchant weapon
k - 3 scrolls of blinking (gained 1)
v - 6 scrolls of enchant armour (gained 2)
As you read the scroll of enchant weapon, it crumbles to dust.
Your +3 short sword of venom glows red for a moment.
As you read the scroll of enchant weapon, it crumbles to dust.
Your +4 short sword of venom glows red for a moment.
Okay, then.
Unknown command.
Unknown command.
You gain the combat prowess of a mighty hero.
Okawaru will no longer gift you equipment.
You now have 15/17 mp.
You can now deal lightning-fast blows.
You now have 10/17 mp.
You open the door.
A komodo dragon, 3 water moccasins and 2 yaks come into view.
A steam dragon comes into view.
The komodo dragon hisses angrily.
The yak bellows!
The water moccasin misses you.
There is an open door to the Lair here.
You barely miss the water moccasin.
The water moccasin hisses angrily.
The steam dragon hisses angrily.
You hit the water moccasin but do no damage.
The water moccasin bites you but does no damage.
You hit the water moccasin.
The water moccasin is poisoned.
The water moccasin is moderately wounded.
You barely miss the water moccasin.
The water moccasin is moderately wounded.
The water moccasin bites you.
You take 3 damage, and have 38/41 hp.
You puncture the water moccasin!
The water moccasin looks as sick as possible!
The water moccasin is heavily wounded.
You hit the water moccasin.
The water moccasin is severely wounded.
You hit the water moccasin.
The water moccasin is almost dead.
The water moccasin misses you.
You puncture the water moccasin!
You kill the water moccasin!
Okawaru accepts your kill.
You completely miss the komodo dragon. You puncture the komodo dragon!
The komodo dragon is poisoned.
The komodo dragon is moderately wounded.
You hit the komodo dragon but do no damage.
The komodo dragon looks as sick as possible!
The komodo dragon is moderately wounded.
You puncture the komodo dragon!
The komodo dragon looks as sick as possible!
The komodo dragon is heavily wounded.
The komodo dragon bites you!
You take 11 damage, and have 27/41 hp.
MASSIVE DAMAGE!!
You barely miss the komodo dragon.
The komodo dragon is heavily wounded.
You hit the komodo dragon but do no damage.
The komodo dragon looks as sick as possible!
The komodo dragon is heavily wounded.
You puncture the komodo dragon!
The komodo dragon is severely wounded.
You puncture the komodo dragon!
The komodo dragon looks as sick as possible!
The komodo dragon is almost dead.
You hit the komodo dragon but do no damage.
The komodo dragon looks as sick as possible!
The komodo dragon is almost dead.
The komodo dragon bites you!!
Ouch! That really hurt!
You die...

▓(▓.▓.▓
▓)▓.▓.▓
▓.▓.▓.▓
▓.▓.▓'▓
▓.▓.▓_▓
▓.▓.▓_▓
▓.▓.▓_▓
▓.▓.▓_▓
▓@▓.▓_▓
▓l▓.▓_▓
▓Y▓.▓_▓
▓S▓.▓_▓
▓S▓.▓_▓
▓Y▓.▓_▓
▓.▓.▓_▓
▓D▓.▓_▓
▓.▓_▓


You could see a komodo dragon (extremely poisoned), 2 yaks, a steam dragon and 2
water moccasins.

Vanquished Creatures
  A boulder beetle (D)
  A centaur warrior (D)
  A cyclops (D)
  2 gargoyles (D)
  An unseen horror (D)
  A shadow (D)
  A water moccasin (D)
  A howler monkey (D)
  An orc priest (D)
  An orc wizard (D)
  An adder (D)
  A gnoll (D)
  2 ufetubi (D)
  An adder zombie (D)
  An orc (D)
  A ball python (D)
  A kobold (D)
  2 rats (D)
21 creatures vanquished.

Vanquished Creatures (others)
  A centaur warrior (D)
  An ugly thing (D)
2 creatures vanquished.

Grand Total: 23 creatures vanquished

Notes
Turn   | Place    | Note
-------+----------+-------------------------------------------
     0 | D        | SkeletonJelly the Spriggan Brigand began the quest for the
                  | Orb.
     0 | D        | Reached XP level 1. HP: 10/10 MP: 2/2
     8 | D        | Reached skill level 6 in Stealth
    18 | D        | Reached skill level 7 in Stealth
    18 | D        | Reached XP level 2. HP: 14/14 MP: 3/3
    31 | D        | Reached skill level 5 in Short Blades
    39 | D        | Reached skill level 8 in Stealth
    39 | D        | Reached XP level 3. HP: 13/18 MP: 4/4
    50 | D        | Found a snail-covered altar of Cheibriados.
    50 | D        | Found a shadowy altar of Dithmenos.
    50 | D        | Found a white marble altar of Elyvilon.
    50 | D        | Found a blossoming altar of Fedhas.
    50 | D        | Found an opulent altar of Gozag.
    51 | D        | Found a hazy altar of Hepliaklqana.
    52 | D        | Found a viscous altar of Jiyva.
    53 | D        | Found an ancient bone altar of Kikubaaqudgha.
    54 | D        | Found a corrupted altar of Lugonu.
    55 | D        | Found a burning altar of Makhleb.
    56 | D        | Found a sparkling altar of Nemelex Xobeh.
    63 | D        | Found an iron altar of Okawaru.
    64 | D        | Found a stormy altar of Qazlal.
    75 | D        | Found a sacrificial altar of Ru.
    76 | D        | Found a shimmering blue altar of Sif Muna.
    77 | D        | Found a bloodstained altar of Trog.
    78 | D        | Found a hide-covered altar of Uskayaw.
    79 | D        | Found a radiant altar of Vehumet.
    80 | D        | Found an ornate altar of the Wu Jian Council.
    81 | D        | Became a worshipper of Warmaster Okawaru
    82 | D        | Found a shimmering altar of Xom.
    83 | D        | Found a basalt altar of Yredelemnul.
    84 | D        | Found a glowing silver altar of Zin.
    85 | D        | Found a glowing golden altar of the Shining One.
   223 | D        | Noticed a gargoyle
   223 | D        | Noticed a shadow
   223 | D        | Noticed an unseen horror
   225 | D        | Killed a gargoyle
   225 | D        | Reached * piety under Okawaru
   225 | D        | Reached ** piety under Okawaru
   226 | D        | Reached skill level 10 in Short Blades
   226 | D        | Reached skill level 12 in Stealth
   226 | D        | Reached skill level 5 in Invocations
   226 | D        | Reached XP level 4. HP: 22/22 MP: 4/9
   226 | D        | Reached XP level 5. HP: 25/25 MP: 4/10
   226 | D        | Reached XP level 6. HP: 30/30 MP: 4/11
   241 | D        | Killed a shadow
   241 | D        | Reached *** piety under Okawaru
   241 | D        | Killed an unseen horror
   242 | D        | Reached skill level 14 in Stealth
   242 | D        | Reached XP level 7. HP: 9/33 MP: 5/13
   471 | D        | Noticed a centaur warrior
   471 | D        | Noticed a centaur warrior
   471 | D        | Noticed a purple ugly thing
   471 | D        | Noticed a gargoyle
   471 | D        | Noticed a boulder beetle
   471 | D        | Noticed a cyclops
   476 | D        | Killed a centaur warrior
   477 | D        | Reached skill level 15 in Stealth
   477 | D        | Reached XP level 8. HP: 25/37 MP: 11/15
   480 | D        | Killed a centaur warrior
   480 | D        | Reached **** piety under Okawaru
   481 | D        | Reached skill level 15 in Short Blades
   481 | D        | Reached skill level 16 in Stealth
   483 | D        | Killed a brown ugly thing
   484 | D        | Reached skill level 17 in Stealth
   484 | D        | Reached skill level 10 in Invocations
   484 | D        | Reached XP level 9. HP: 28/41 MP: 12/17
   486 | D        | Killed a gargoyle
   491 | D        | Killed a boulder beetle
   492 | D        | Reached skill level 18 in Stealth
   495 | D        | Killed a cyclops
   495 | D        | Reached ***** piety under Okawaru
   496 | D        | Reached skill level 19 in Stealth
   833 | D        | Noticed a komodo dragon
   851 | D        | Slain by a komodo dragon

Illustrated notes

Levels and vault maps discovered:
D:        linesprint [early_d, line_temple, items_1, d_10, items_2, lair_1,
          lair_end, items_3, orc_1, orc_end, items_4, d_15, swamp_1, shoals_1,
          snake_1, spider_1, d_20, vaults_1, items_5, swamp_end, shoals_end,
          snake_end, spider_end, vaults_end, d_27, items_6, zot_1, zot_end,
          crypt_end, forest_end, elf_end, slime_end, tomb_end, abyss_end,
          pan_hell_end]

Skill      XL: |  1  2  3  4  5  6  7  8  9 |
---------------+----------------------------+-----
Stealth        | 7 8 12 14 15 17 19 | 19.1
Short Blades   | 4 6 10 13 14 16 18 | 18.3
Invocations    | 5 7 8 10 | 10.0
Fighting       | |  1.5
Throwing       | |  2.0
Dodging        | |  1.3

Action                   |  1- 3 |  4- 6 |  7- 9 || total
-------------------------+-------+-------+-------++-------
Melee: Dagger            |    33 |     1 |       ||    34
       Short sword       |       |       |    33 ||    33
Throw: Dart              |       |     1 |       ||     1
Invok: Heroism           |       |       |     2 ||     2
       Finesse           |       |       |     1 ||     1
Evoke: Wand              |       |     7 |       ||     7
  Use: Potion            |     1 |       |     2 ||     3
       Scroll            |       |       |     2 ||     2
 Stab: Sleeping          |     1 |       |       ||     1
       Distracted        |       |       |     1 ||     1
       Invisible         |       |       |     6 ||     6
Armor: Robe              |     1 |       |     2 ||     3
Dodge: Dodged            |    19 |       |     9 ||    28

Table legend: (Time is in decaauts)
 A = Elapsed time spent in this place.
 B = Non-inter-level travel time spent in this place.
 C = Inter-level travel time spent in this place.
 D = Time resting spent in this place.
 E = Time spent auto-exploring this place.
 F = Levels seen in this place.
 G = Mean time per level.
                   A        B        C        D        E       F      G
               +--------+--------+--------+--------+--------+-----+--------+
         Total |    751 |    751 |      0 |    110 |    486 |   1 |  751.0 |
       Dungeon |    751 |    751 |      0 |    110 |    486 |   1 |  751.0 |
               +--------+--------+--------+--------+--------+-----+--------+

Top non-repeatable levels by time:
       D: 751 daAuts
